 Dungeon Crawl Stone Soup version 0.30.1-4-g462c640d31 (webtiles) character file.

Game seed: 11135533584260612503

461 Descartes the Trooper (level 7, 0/37 HPs)
             Began as a Vine Stalker Fighter on Aug 19, 2023.
             Was an Initiate of Gozag.
             Succumbed to a hornet's poison
             ... on level 4 of the Dungeon.
             The game lasted 00:04:18 (2851 turns).

Descartes the Trooper (Vine Stalker Fighter)        Turns: 2851, Time: 00:04:19

Health: 0/37       AC:  8    Str: 20    XL:     7   Next: 7%
Magic:  1/11       EV:  9    Int:  8    God:    Gozag
Gold:   178        SH:  5    Dex: 14    Spells: 11/11 levels left

rFire   . . .        a - +0 war axe
rCold   . . .        c - +0 buckler
rNeg    . . .        b - +0 scale mail
rPois   .            (no helmet)
rElec   .            (no cloak)
rCorr   .            t - +0 pair of gloves
SInv    .            (no boots)
Will    .....        n - amulet of regeneration Stlth
                     (no ring)
HPRegen 1.86/turn    (no ring)
MPRegen 0.12/turn

%: guardian spirit
@: mighty, lethally poisoned (0 -> -5), slowed, very slow
A: fangs 2, regeneration 1, magic shield, antimagic bite, no potion heal 2
a: Renounce Religion, Potion Petition, Call Merchant, Bribe Branch


You were on level 4 of the Dungeon.
You worshipped Gozag.
Gozag was aware of your devotion.
You visited 1 branch of the dungeon, and saw 4 of its levels.
You also visited: Sewer.

You collected 554 gold pieces.
You paid 376 gold pieces to Gozag.

Inventory:

Hand Weapons
 a - a +0 war axe (weapon)
Missiles
 f - 2 boomerangs (quivered)
 i - 7 javelins
 s - 6 curare-tipped darts
Armour
 b - a +0 scale mail (worn)
 c - a +0 buckler (worn)
 t - a +0 pair of gloves (worn)
Jewellery
 g - an amulet of the acrobat
 n - an amulet of regeneration (around neck)
Wands
 v - a wand of iceblast (4)
Scrolls
 e - 2 scrolls of fear {unknown}
 l - 2 scrolls of identify {unknown}
 p - 2 scrolls of amnesia {unknown}
 q - a scroll of poison {unknown}
 u - a scroll of brand weapon {unknown}
 x - a scroll of teleportation {unknown}
 y - a scroll of noise {unknown}
 A - a scroll of fog {unknown}
 B - a scroll of enchant weapon {unknown}
 D - a scroll of enchant armour {unknown}
 E - a scroll of butterflies {unknown}
Potions
 d - 2 potions of might
 h - a potion of invisibility {unknown}
 j - 2 potions of curing {unknown}
 k - a potion of brilliance {unknown}
 m - 2 potions of cancellation {unknown}
 o - a potion of berserk rage {unknown}
 r - a potion of attraction {unknown}
 w - 2 potions of degeneration {unknown}
 z - a potion of flight {unknown}
 C - 3 potions of mutation {unknown}


   Skills:
 + Level 3.8 Fighting
 + Level 3.1 Axes
 + Level 2.3 Throwing
 + Level 3.3 Armour
 + Level 3.7 Shields
 + Level 2.6 Spellcasting


You had 11 spell levels left.
You didn't know any spells.
Your spell library contained the following spells:

 Spells                   Type           Power      Damage    Failure   Level
 Ensorcelled Hibernation  Hex/Ice        2%         N/A       88%         2
 Passwall                 Tmut/Erth      0%         N/A       88%         2
 Hailstorm                Conj/Ice       1%         3d3       98%         3
 Portal Projectile        Hex/Tloc       2%         N/A       98%         3
 Swiftness                Air            1%         N/A       98%         3
 Tukima's Dance           Hex            1%         N/A       98%         3
 Ice Form                 Ice/Tmut       1%         N/A       100%        4
 Blade Hands              Tmut           0%         N/A       100%        5
 Simulacrum               Ice/Necr       Unusable   N/A       N/A         6

Dungeon Overview and Level Annotations

Branches:
Dungeon (4/15)              Sewer (visited)
 Temple: D:4-7

Altars:
Gozag
Okawaru
Trog


Innate Abilities, Weirdness & Mutations

You have extremely sharp teeth.
Your natural rate of healing is unusually fast.
When hurt, damage is shared between your health and your magic reserves.
Your bite disrupts and absorbs the magic of your enemies.
Potions cannot restore your health.


Message History

You block the scorpion's attack.
You slash the scorpion! Your bite misses the scorpion.
The scorpion is severely wounded.
You hit the hornet. The hornet stings you!
You feel yourself slow down.
The scorpion stings you but does no damage.
The hornet stings you but does no damage.
You hit the scorpion.
The scorpion is almost dead.
You barely miss the hornet.
You feel yourself speed up. The scorpion closely misses you.
The hornet stings you.
You are poisoned.
You feel yourself slow down. The scorpion closely misses you.
The hornet stings you!
You feel as though you will be slow longer.
The scorpion barely misses you. The hornet stings you.
You feel as though you will be slow longer.
You barely miss the hornet. You bite the hornet, but do no damage.
The hornet is lightly wounded.
You barely miss the scorpion.
You feel very sick. You block the hornet's attack. The scorpion stings you.
The hornet stings you but does no damage.
The scorpion stings you but does no damage.
The hornet barely misses you.
The scorpion stings you but does no damage.
Unknown command.
You slash the hornet!
The hornet is moderately wounded.
You hit the scorpion but do no damage.
You feel very sick. The hornet closely misses you.
The scorpion barely misses you. The hornet stings you!
* * * LOW HITPOINT WARNING * * *
You are lethally poisoned!
You feel as though you will be slow longer.
You block the hornet's attack. The scorpion barely misses you.
You feel very mighty all of a sudden.
You die...
Your body crumbles into a pile of gold.

#........###.....##..#..
..................#.....
...............##.....#
.##..............8...8#
.##............>......#
.#....##.........8.8..#
......................##
.......##....##..8......
..............#.@.!#....
.......#.#......sy.# #..
......####..........# .
....<.......##.......#
..)....................
..)....... ............
.......... .............
#.......................
#.........


You could see a hornet and a scorpion.

Vanquished Creatures
  2 bullfrogs (Sewer)
  A scorpion (D:4)
  13 adders
  7 river rats
  A worm (D:4)
  An orc (D:4)
  12 ball pythons
  2 bats
  9 endoplasms
  4 giant cockroaches
  3 goblins (D:3)
  7 hobgoblins
  3 jackals (D:1)
  5 quokkas
  4 frilled lizards
  8 kobolds
  32 rats
114 creatures vanquished.

Notes
Turn   | Place    | Note
-------+----------+-------------------------------------------
     0 | D:1      | Descartes the Vine Stalker Fighter began the quest for the
                  | Orb.
     0 | D:1      | Reached XP level 1. HP: 11/11 MP: 2/2
   195 | D:1      | Reached XP level 2. HP: 16/16 MP: 3/3
   744 | D:1      | Reached XP level 3. HP: 18/19 MP: 5/5
  1045 | D:2      | Reached skill level 1 in Spellcasting
  1045 | D:2      | Found a bloodstained altar of Trog.
  1141 | D:2      | Reached skill level 1 in Throwing
  1168 | D:2      | Gained mutation: Your natural rate of healing is unusually
                  | fast. [Vine Stalker growth]
  1168 | D:2      | Reached XP level 4. HP: 24/24 MP: 6/6
  1805 | D:3      | Found an opulent altar of Gozag.
  1818 | D:3      | Became a worshipper of Gozag Ym Sagoz the Greedy
  2071 | D:3      | Found an iron altar of Okawaru.
  2228 | D:4      | Reached XP level 5. HP: 26/28 MP: 6/8
  2296 | D:4      | Found a glowing drain.
  2308 | Sewer    | Entered a sewer
  2483 | Sewer    | Reached XP level 6. HP: 32/32 MP: 10/10
  2828 | D:4      | Reached XP level 7. HP: 37/37 MP: 9/11
  2844 | D:4      | Noticed a hornet
  2851 | D:4      | Succumbed to a hornet's poison

Illustrated notes

Levels and vault maps discovered:
D:1:      lemuel_arrival_broad_hall, layout_basic, minmay_pentomino_z2
D:2:      cheibrodos_old_hovel, layout_loops_ring, basic_altar
D:3:      layout_rooms, mainiacjoe_overflow_paths, mainiacjoe_overflow_brackets
D:4:      layout_cave_pools, led_sif_pool, minmay_temple_entry_purple_smoke,
          lightli_sewer_entry_pipes, serial_shops,
          nicolae_shop_bloodbath_and_beyond, serial_column_ruins,
          column_ruins_temple_hall, column_ruins_square_small,
          column_ruins_grid_1, column_ruins_open_tiny,
          column_ruins_corridor_plus, column_ruins_open_tiny,
          column_ruins_grid_1, column_ruins_open_small

Skill      XL: |  1  2  3  4  5  6 |
---------------+-------------------+-----
Axes           | 2 3 |  3.1
Spellcasting   | 1 2 |  2.6
Fighting       | 3 |  3.8
Shields        | 3 |  3.7
Throwing       | 1 2 |  2.3
Armour         | 3 |  3.3

Action                     |  1- 3 |  4- 6 |  7- 9 || total
---------------------------+-------+-------+-------++-------
  Melee: War axe           |    90 |   226 |     6 ||   322
         Bite              |    16 |    49 |     2 ||    67
 Invoke: Potion Petition   |       |     1 |       ||     1
    Use: Potion            |       |       |     1 ||     1
 Armour: Scale mail        |    36 |   119 |     7 ||   162
  Dodge: Dodged            |    46 |   107 |     7 ||   160
  Block: Buckler           |    18 |    68 |     4 ||    90
